 Dungeon Crawl Stone Soup version bcrawl-1.28.5 (webtiles) character file.

Game seed: 14782527042069641471

88912 Anonimiaus the Cutter (level 4, 0/32 HPs)
             Began as a Human Archaeologist on Jan 26, 2021.
             Slain by a gnoll
             ... wielding a +0 whip
              (7 damage)
             ... on level 3 of the Dungeon.
             The game lasted 00:05:23 (2976 turns).

Anonimiaus the Cutter (Human Archaeologist)         Turns: 2976, Time: 00:05:24

Health: 0/32       AC:  6    Str: 11    XL:     4   Next: 60%
Magic:  4/4        EV: 13    Int: 14    God:
Gold:   110        SH:  0    Dex: 13    Spells: 3/3 levels left

rFire    . . .     SeeInvis .   k - +0 whip (elec)
rCold    . . .     Gourm    .   (no shield)
rNeg     . . .     Faith    .   c - +1 robe
rPois    .         Spirit   .   o - +0 helmet
rElec    .         Reflect  .   (no cloak)
rCorr    .         Harm     .   (no gloves)
MR       .....                  i - +1 pair of boots
Stlth    ++........             (no amulet)
HPRegen  0.10/turn              (no ring)
MPRegen  0.09/turn              (no ring)

@: no status effects
A: no striking features
a: no special abilities


You were on level 3 of the Dungeon.
You were hungry.

You visited 1 branch of the dungeon, and saw 3 of its levels.

You collected 110 gold pieces.

Inventory:

Hand Weapons
 b - a +0 blowgun
 k - a +0 whip of electrocution (weapon)
 l - a +0 dagger
Missiles
 f - 6 curare-tipped needles
 q - 91 poisoned needles
Armour
 c - a +1 robe (worn)
 d - a +1 hat
 i - a +1 pair of boots (worn)
 o - a +0 helmet (worn)
Jewellery
 a - an uncursed ring of protection from cold {unknown}
Scrolls
 g - 2 scrolls of magic mapping
 m - 2 scrolls of remove curse {unknown}
 p - a scroll of noise {unknown}
Potions
 j - a potion of agility
 n - 5 potions of curing {unknown}
Miscellaneous
 h - a dusty tome
Comestibles
 e - 6 rations {!d}
 r - a chunk of flesh


   Skills:
 - Level 1.2 Fighting
 + Level 4.0 Short Blades
 - Level 1.1 Maces & Flails
 - Level 3.2 Dodging
 - Level 3.8 Stealth


You had 3 spell levels left.
You didn't know any spells.
Your spell library was empty.

Dungeon Overview and Level Annotations

Branches:
Dungeon (3/12)

Altars:
Cheibriados
Fedhas
Gozag
Zin

Annotations:
D:2 exclusion: oklob plant


Message History

You hit the gnoll.
The gnoll is heavily wounded.
The gnoll hits you with a +0 whip.
You hit the gnoll but do no damage.
The gnoll is heavily wounded.
The gnoll hits you but does no damage.
You hit the gnoll.
The gnoll is heavily wounded.
The gnoll hits you with a +0 whip.
* * * LOW HITPOINT WARNING * * *
You hit the gnoll.
The gnoll is almost dead.
The gnoll barely misses you.
You barely miss the gnoll.
The gnoll is almost dead.
The gnoll hits you but does no damage.
You closely miss the gnoll.
The gnoll is almost dead.
The gnoll hits you with a +0 whip!
You die...

#...........
#...).......
#...........
#.......!...
#########..........#
#...%..............#
#.#.................
#..####+#######+##
#@## #g# #g# #.# #.'
#.# #.# #.#


You could see 2 gnolls.

Vanquished Creatures
  Robin (D:1)
  A gnoll (D:3)
  3 worms
  2 leopard geckos
  An orc (D:3)
  A giant cockroach (D:1)
  14 goblins
  6 hobgoblins
  4 bats
  3 frilled lizards (D:1)
  A jackal skeleton (D:3)
  6 kobolds
  2 rats
45 creatures vanquished.

Notes
Turn   | Place    | Note
-------+----------+-------------------------------------------
     0 | D:1      | Anonimiaus the Human Archaeologist began the quest for the
                  | Orb.
     0 | D:1      | Reached XP level 1. HP: 15/15 MP: 1/1
   177 | D:1      | Reached XP level 2. HP: 2/21 MP: 2/2
   316 | D:1      | Reached skill level 1 in Short Blades
   675 | D:2      | Reached skill level 2 in Short Blades
   831 | D:2      | Found an opulent altar of Gozag.
   841 | D:2      | Reached XP level 3. HP: 22/26 MP: 3/3
   857 | D:2      | Found a snail-covered altar of Cheibriados.
  1285 | D:2      | Found a blossoming altar of Fedhas.
  1445 | D:2      | Noticed Robin
  1680 | D:2      | Reached skill level 3 in Short Blades
  1835 | D:2      | Reached XP level 4. HP: 31/32 MP: 4/4
  2223 | D:2      | Noticed an oklob plant
  2414 | D:3      | Found a glowing silver altar of Zin.
  2572 | D:1      | Killed Robin
  2969 | D:3      | Reached skill level 4 in Short Blades
  2976 | D:3      | Slain by a gnoll

Skill      XL: |  1  2  3  4 |
---------------+-------------+-----
Short Blades   | 2 3 4 |  4.0
Fighting       | |  1.2
Maces & Flails | |  1.1
Dodging        | |  3.2
Stealth        | |  3.8

Action                   |  1- 3 |  4- 6 || total
-------------------------+-------+-------++-------
Melee: Whip              |   199 |    36 ||   235
  Use: Scroll            |     3 |       ||     3
       Potion            |       |     4 ||     4
 Stab: Distracted        |     1 |       ||     1
       Sleeping          |     2 |     3 ||     5
       Invisible         |       |     3 ||     3
  Eat: Chunk             |     5 |     4 ||     9
       Ration            |     1 |       ||     1
Armor: Robe              |    55 |     3 ||    58
Dodge: Dodged            |   167 |    19 ||   186
